 Dungeon Crawl Stone Soup version 0.30-a0-760-g5a9884bb7c (webtiles) character file.

Game seed: 8996679170540033354

280791 jlumianski the Severer (level 19, -1/159 HPs)
             Began as a Demonspawn Fighter on Feb 11, 2023.
             Was the Champion of Okawaru.
             Slain by an Executioner (2 damage)
             ... summoned by a dread lich
             ... while paralysed by a dread lich
             ... on level 3 of the Vaults.
             The game lasted 04:05:52 (35839 turns).

jlumianski the Severer (Demonspawn Fighter)        Turns: 35839, Time: 04:05:52

Health: -1/159     AC: 51    Str: 28      XL:     19   Next: 69%
Magic:  0/30       EV:  2    Int: 10 (13) God:    Okawaru [******]
Gold:   1438       SH:  0    Dex: 13      Spells: 18/18 levels left

rFire   + . .      SeeInvis .    t - +9 broad axe "Vixaer" {venom, rF+}
rCold   . . .      Faith    .    i - +4 tower shield {AC+3}
rNeg    . . .      Spirit   +    P - +8 orange crystal plate armour {Archmagi, Int+3 Clar}
rPois   .          Reflect  +    (helmet unavailable)
rElec   .          Harm     .    Y - scarf {+Inv}
rCorr   .          Rampage  ∞    h - +2 pair of gloves of the Gloaming {Rampage Regen+ Int-2 Stlth-}
Will    ++...      Archmagi +    T - +3 pair of seven-league boots {Rampage+∞} Stlth Clarity +
                                 j - amulet of reflection
HPRegen 1.26/turn                M - +6 ring of strength
MPRegen 0.44/turn                b - +4 ring of slaying

@: paralysed, lethally poisoned (-1 -> -7), about to teleport, sanguine armoured
A: horns 3, spiny 2, magic shield, magic regeneration, sanguine armour 2,
demonic willpower
}: 2/15 runes: decaying, gossamer
a: Renounce Religion, Evoke Invisibility, Heroism, Finesse, Duel


You were on level 3 of the Vaults.
You worshipped Okawaru.
Okawaru was exalted by your worship.
You visited 7 branches of the dungeon, and saw 35 of its levels.
You also visited: Ossuary, Gauntlet and Ice Cave.

You collected 4134 gold pieces.
You spent 2696 gold pieces at shops.

Inventory:

Hand Weapons
 t - the +9 broad axe "Vixaer" (weapon) {venom, rF+}
   (Okawaru gifted it to you on level 3 of the Vaults)

   rF:        It protects you from fire.
 G - a +4 spectral broad axe
 U - the +7 spear "Grim" {freeze, rC+ SInv}
   (You took it off a spriggan on level 4 of the Lair of Beasts)

   rC:        It protects you from cold.
   SInv:      It lets you see invisible.
 V - the +8 whip "Snakebite" {venom, curare, rPois}
   (You took it off Amaemon on level 2 of the Lair of Beasts)

   rPois:     It protects you from poison.
Missiles
 p - 2 throwing nets
 v - 8 silver javelins
 C - 7 atropa-tipped darts
 N - 2 boomerangs of dispersal
Armour
 h - the +2 pair of gloves of the Gloaming (worn) {Rampage Regen+ Int-2 Stlth-}
   (You found it in a Gauntlet)

   Int:       It affects your intelligence (-2).
   Regen:     It increases your rate of health regeneration.
   Rampage:   It bestows one free step when moving towards enemies.
   Stlth:     It makes you less stealthy.
 i - a +4 tower shield of protection (worn)
 P - the +8 orange crystal plate armour (worn) {Archmagi, Int+3 Clar}
   (You found it on level 14 of the Dungeon)

   Int:       It affects your intelligence (+3).
   Clar:      It protects you against confusion.
 T - the +3 pair of seven-league boots (worn) {Rampage+∞}
   (You found it on level 4 of the Lair of Beasts)

   Rampage+∞: When moving toward enemies, its wearer moves as far as possible.
 Y - a scarf of invisibility (worn)
Jewellery
 b - a +4 ring of slaying (right hand)
 g - a ring of flight
 j - an amulet of reflection (around neck)
 M - a +6 ring of strength (left hand)
Wands
 f - a wand of iceblast (43)
 o - a wand of quicksilver (13)
 r - a wand of digging (20)
 s - a wand of flame (150) (quivered)
 y - a wand of mindburst (27)
Scrolls
 a - 10 scrolls of fog
 e - 4 scrolls of fear
 n - 3 scrolls of blinking
 q - a scroll of silence
 w - a scroll of magic mapping
 x - 4 scrolls of poison
 L - 9 scrolls of teleportation
 Q - 20 scrolls of identify
Potions
 c - 2 potions of mutation
 d - 6 potions of might
 k - 10 potions of curing
 l - 5 potions of cancellation
 m - 3 potions of attraction
 u - 10 potions of heal wounds
 E - 7 potions of haste
 F - 6 potions of flight
 J - 3 potions of berserk rage
 K - 3 potions of resistance
Miscellaneous
 O - a condenser vane
 R - a phial of floods


   Skills:
 * Level 16.4 Fighting
 + Level 0.9 Short Blades
 + Level 16.9(17.0) Axes
 + Level 2.5(11.3) Maces & Flails
 + Level 1.3(11.1) Polearms
 + Level 1.0 Throwing
 * Level 14.4 Armour
 - Level 1.8 Dodging
 + Level 9.0 Stealth
 * Level 16.3 Shields
 * Level 15.7 Invocations
 * Level 10.2 Evocations


You had 18 spell levels left.
You didn't know any spells.
Your spell library contained the following spells:

 Spells                   Type           Power      Damage    Failure   Level
 Apportation              Tloc           0%         N/A       100%        1
 Foxfire                  Conj/Fire      0%         2x1d4     100%        1
 Sandblast                Erth           0%         2d4       100%        1
 Slow                     Hex            0%         N/A       100%        1
 Sting                    Tmut/Pois      0%         1d3       100%        1
 Blink                    Tloc           0%         N/A       100%        2
 Ensorcelled Hibernation  Hex/Ice        0%         N/A       100%        2
 Lesser Beckoning         Tloc           0%         N/A       100%        2
 Momentum Strike          Conj/Tloc      0%         3d8       100%        2
 Passwall                 Tmut/Erth      0%         N/A       100%        2
 Poisonous Vapours        Pois/Air       0%         N/A       100%        2
 Static Discharge         Conj/Air       0%         2-2/arc   100%        2
 Gell's Gravitas          Tloc           0%         N/A       100%        3
 Hailstorm                Conj/Ice       0%         3d3       100%        3
 Ignite Poison            Fire/Tmut/Pois 0%         N/A       100%        3
 Inner Flame              Hex/Fire       0%         N/A       100%        3
 Kindle Blastsparks       Fire/Tloc/Air  0%         2d10      100%        3
 Spider Form              Tmut/Pois      0%         N/A       100%        3
 Stone Arrow              Conj/Erth      0%         3d7       100%        3
 Swiftness                Air            0%         N/A       100%        3
 Teleport Other           Tloc           0%         N/A       100%        3
 Vhi's Electric Charge    Tloc/Air       0%         N/A       100%        3
 Anguish                  Hex/Necr       0%         N/A       100%        4
 Cause Fear               Hex            0%         N/A       100%        4
 Fulminant Prism          Conj/Hex       0%         3d5       100%        4
 Ice Form                 Ice/Tmut       0%         N/A       100%        4
 Iskenderun's Mystic Bla  Conj/Tloc      0%         2d3       100%        4
 Leda's Liquefaction      Hex/Erth       0%         N/A       100%        4
 Olgreb's Toxic Radiance  Pois           0%         N/A       100%        4
 Passage of Golubria      Tloc           0%         N/A       100%        4
 Alistair's Intoxication  Tmut/Pois      0%         N/A       100%        5
 Arcjolt                  Conj/Air       0%         1d10      100%        5
 Blade Hands              Tmut           0%         N/A       100%        5
 Borgnjor's Vile Clutch   Necr/Erth      0%         N/A       100%        5
 Fireball                 Conj/Fire      0%         3d3       100%        5
 Freezing Cloud           Conj/Ice/Air   0%         6-21      100%        5
 Irradiate                Conj/Tmut      0%         3d11      100%        5
 Iskenderun's Battlesphe  Conj           0%         2d6       100%        5
 Lee's Rapid Deconstruct  Erth           0%         3d4*      100%        5
 Lightning Bolt           Conj/Air       0%         1d11      100%        5
 Yara's Violent Unravell  Hex/Tmut       0%         3d3       100%        5
 Conjure Ball Lightning   Conj/Air       0%         3x3d6     100%        6
 Dispersal                Tloc           0%         N/A       100%        6
 Eringya's Noxious Bog    Tmut/Pois      0%         N/A       100%        6
 Iron Shot                Conj/Erth      0%         9d1       100%        6
 Starburst                Conj/Fire      0%         6d3       100%        6
 Statue Form              Tmut/Erth      0%         N/A       100%        6
 Dragon Form              Tmut           0%         N/A       100%        7
 Orb of Destruction       Conj           0%         9d5       100%        7
 Discord                  Hex            0%         N/A       100%        8
 Maxwell's Capacitive Co  Air            0%         ∞         100%        8
 Polar Vortex             Ice            0%         N/A       100%        9
 Tukima's Dance           Hex            Unusable   N/A       N/A         3
 Animate Armour           Summ/Erth      Unusable   N/A       N/A         4
 Summon Forest            Summ/Tloc      Unusable   N/A       N/A         5
 Simulacrum               Ice/Necr       Unusable   N/A       N/A         6
 Summon Hydra             Summ           Unusable   N/A       N/A         7

Dungeon Overview and Level Annotations

Branches:
Dungeon (15/15)            Temple (1/1) D:7            Lair (5/5) D:9
  Swamp (4/4) Lair:3       Spider (4/4) Lair:3        Slime (0/5) Lair:4
    Orc (2/2) D:12            Elf (0/3) Orc:2        Vaults (4/5) D:14
  Crypt (0/3) Vaults:3     Depths (0/4) D:15        Ossuary (visited)
  IceCv (visited)         Gauntlet (visited)

Altars:
Ashenzari
Cheibriados
Dithmenos
Fedhas
Gozag
Hepliaklqana
Kikubaaqudgha
Makhleb
Nemelex Xobeh
Okawaru
Qazlal
Ru
Sif Muna
Trog
Uskayaw
Vehumet
Wu Jian
Xom
Yredelemnul

Shops:
D:5 (   D:9 [   D:15 *   Orc:2 (?[!   Vaults:1 ?   Vaults:3 :

Annotations:
D:3 exclusion: statue
D:5 1 runed translucent door, dolemite99's ghost, novice DjTm


Innate Abilities, Weirdness & Mutations

You have a pair of large horns on your head.
You are mostly covered in sharp spines.
When hurt, damage is shared between your health and your magic reserves.
You regenerate magic rapidly.
When seriously injured, your blood forms thick armour. (AC +9)
You punish those that try to bend your will. (Will+)


Message History

The blizzard demon is almost dead.
You slash the green death! You slice the Executioner!! You slash something!
You hit the shadow dragon.
The runic seal fades away.
You feel sick.
The Executioner hits you but does no damage.
You block the Executioner's attack. x2
The Executioner hits you but does no damage.
You block the Executioner's attack.
The Executioner hits you but does no damage.
You hear some strange, mumbled words.
You suddenly lose the ability to move!
The blizzard demon waves its arms in wide circles.
The air twists around and strikes you.
The green death is struck by your spines.
The green death hits you but does no damage.
The shadow dragon barely misses you.
The shadow dragon claws you but does no damage. x2
The vault warden activates a sealing rune.
The Executioner barely misses you. The Executioner hits you.
The Executioner hits you but does no damage.
The vault warden hits you but does no damage.
You are more poisoned.
You feel very sick.
The Executioner is struck by your spines.
The Executioner hits you!!
* * * LOW HITPOINT WARNING * * *
The Executioner hits you but does no damage. x2
The Executioner hits you!
* * * LOW HITPOINT WARNING * * *
The Executioner hits you but does no damage. x2
Something touches you but does no damage.
The blizzard demon gestures at you. The bolt of cold hits you!!
* * * LOW HITPOINT WARNING * * *
The green death barely misses you.
The shadow dragon is struck by your spines.
The shadow dragon bites you but does no damage.
The shadow dragon claws you but does no damage. x2
The vault warden activates a sealing rune.
A door slams shut!
The Executioner hits you.
You die...

......#......##..''''''''++..#
......#......##..'+''''''++..#
...†).#......##..'+''++++ +..#
...)..'......##..)++$.!?+++..#
......#......##..[++...$+++..#
......'......##..'+S(..$+++..#
......#......##.psp+....+ +..#
......#......##22{+++++++ +..#
......#......##)@D+++++''+'..#
......#......##1.p'''''''''..#
......#########..............#
####### #..............#
################


You could see a shadow dragon, 2 vault wardens, a green death (summoned,
extremely poisoned), an Executioner (summoned, fast), a blizzard demon
(summoned), a vault sentinel (catching breath), a mana viper shaped shifter and
a redback shaped shifter.

Vanquished Creatures
  Mara (Swamp:3)
  the Lernaean hydra (Swamp:4)
  A tentacled monstrosity (Vaults:3)
  A lich (Vaults:3)
  A sphinx (Vaults:3)
  Roxanne (D:15)
  Donald (Swamp:4)
  2 emperor scorpions
  The ghost of retardedninja the Bludgeoner, a journeyman DsGl of Gozag (Swamp:3)
  2 ghost moths
  7 vault wardens
  2 stone giants (Vaults:2)
  12 very ugly things
  16 ironbound preservers
  6 ironbound thunderhulks
  2 war gargoyles (Vaults:2)
  7 broodmothers
  Nessos (D:12)
  Azrael (D:15)
  2 bunyips
  4 eleionomae
  A spark wasp (Spider:4)
  13 dire elephants
  The ghost of Lanwaonk the Severer, a journeyman MiBe of Trog (D:12)
  A minotaur (Gauntlet)
  The ghost of Saozxam the Sharpshooter, a journeyman KoHu of Gozag (Lair:4)
  A fire dragon (D:14)
  7 yaktaur captains
  5 entropy weavers
  2 great orbs of eyes (Vaults:2)
  2 rakshasas
  Erolcha (Orc:2)
  Fannar (D:10)
  A hell beast (Gauntlet)
  15 hydras
  A peacekeeper (Vaults:2)
  6 ironbound frosthearts
  9 vault guards
  2 jorogumos
  An ogre mage (D:14)
  An anaconda (Swamp:2)
  3 catoblepae (Lair:5)
  A radroach (Spider:1)
  6 centaur warriors
  14 death yaks
  8 boulder beetles
  8 alligators
  A tengu warrior (D:14)
  2 two-headed ogres
  An orc high priest (Orc:2)
  Amaemon (Lair:2)
  4 skeletal warriors (D:11)
  Lodul (D:14)
  A glowing orange brain (D:15)
  10 pharaoh ants
  A death drake (Swamp:3)
  An iron troll (D:13)
  A skyshark (Lair:3)
  3 goliath frogs
  12 swamp dragons
  A sun moth (Spider:4)
  3 spriggan druids
  34 deep trolls
  13 orb spiders
  11 steelbarb worms
  7 bog bodies
  3 wizards
  An orc knight (D:14)
  5 harpies
  8 ironbound convokers
  3 necromancers
  5 lindwurms
  A stone giant zombie (Vaults:1)
  20 wolf spiders
  4 orc sorcerers (Orc:2)
  A cyclops (D:12)
  7 manticores
  5 moths of wrath
  21 ugly things
  3 will-o-the-wisps
  16 elephants
  A black mamba (shapeshifter) (D:15)
  8 vault sentinels
  7 black mambas
  8 demonic crawlers
  2 ice statues (IceCv)
  5 torpor snails
  A guardian serpent (Lair:4)
  9 cane toads
  A yaktaur zombie (Vaults:1)
  A gargoyle (D:14)
  7 komodo dragons
  An orange demon (Lair:3)
  A kobold demonologist (D:14)
  2 unseen horrors
  5 rime drakes
  13 yaktaurs
  Maggie (D:8)
  2 tengu conjurers (D:14)
  An anaconda simulacrum (IceCv)
  A yaktaur skeleton (Vaults:1)
  13 trolls
  7 meliai
  A bloated husk (Swamp:4)
  20 blink frogs
  36 tarantellas
  A polar bear (Lair:3)
  6 tyrant leeches
  5 hornets
  Grinder (D:3)
  An ettin zombie (Vaults:1)
  35 slime creatures
  17 culicivoras
  9 spriggans
  6 wraiths
  2 vampires
  30 jumping spiders
  5 wyverns
  2 fire elementals
  8 basilisks
  50 yaks
  Grum (D:8)
  39 redbacks
  6 vampire mosquitoes
  14 swamp worms
  2 wargs
  26 water moccasins
  3 hell hounds
  10 swamp drakes
  4 black bears
  19 orc warriors
  4 sky beasts
  An ice beast (shapeshifter) (D:15)
  An ice beast (D:5)
  A boggart (Lair:4)
  15 ogres
  15 wolves
  13 centaurs
  2 elf zombies (Ossuary)
  3 kobold brigands
  6 bullfrogs
  A necrophage (D:7)
  A cane toad simulacrum (IceCv)
  6 scorpions
  14 wights
  7 killer bees
  An elephant simulacrum (IceCv)
  5 electric eels
  12 howler monkeys
  A centaur zombie (Ossuary)
  A jelly (D:7)
  2 quasits
  4 hounds
  2 human zombies (Ossuary)
  21 orc priests
  Ijyb (D:3)
  An iguana (D:6)
  30 orc wizards
  A polar bear simulacrum (IceCv)
  A wolf simulacrum (IceCv)
  2 mummies (Ossuary)
  Robin (D:3)
  6 gnolls
  4 adders
  4 shadow imps (D:4)
  5 white imps
  9 ufetubi
  An adder zombie (Ossuary)
  3 worms
  2 dart slugs
  74 orcs
  3 bats
  6 endoplasms
  A giant cockroach (D:4)
  19 goblins
  9 hobgoblins
  7 jackals
  3 quokkas
  6 ball pythons
  4 frilled lizards
  2 goblin zombies (Ossuary)
  11 hobgoblin zombies (Ossuary)
  18 kobolds
  7 kobold zombies (Ossuary)
  9 orc zombies (Ossuary)
  3 rats
  A rat zombie (Ossuary)
  A butterfly (Lair:4)
1245 creatures vanquished.

Vanquished Creatures (others)
  Rupert (D:15)
  A will-o-the-wisp (Swamp:1)
  A torpor snail (Spider:4)
  2 bloated husks
  A vampire mosquito (Swamp:3)
  A human (D:4)
  A killer bee (D:10)
  2 demonic plants (D:4)
  16 foxfires
  67 fungi
  120 plants
213 creatures vanquished.

Grand Total: 1458 creatures vanquished

Notes
Turn   | Place    | Note
-------+----------+-------------------------------------------
     0 | D:1      | jlumianski the Demonspawn Fighter began the quest for the
                  | Orb.
     0 | D:1      | Reached XP level 1. HP: 18/18 MP: 1/1
   195 | D:1      | Gained mutation: You have a pair of small horns on your
                  | head. [demonic ancestry]
   195 | D:1      | Reached XP level 2. HP: 15/24 MP: 2/2
   745 | D:2      | Reached XP level 3. HP: 29/29 MP: 3/3
  1561 | D:3      | Reached XP level 4. HP: 35/35 MP: 4/4
  1701 | D:3      | Found a radiant altar of Vehumet.
  1701 | D:3      | Noticed a charred statue
  1722 | D:3      | Noticed Grinder
  1746 | D:3      | Paralysed by Grinder for 5 turns
  1753 | D:3      | Killed Grinder
  1754 | D:3      | Gained mutation: When seriously injured, your blood forms
                  | armour. (AC +9) [demonic ancestry]
  1754 | D:3      | Reached XP level 5. HP: 31/42 MP: 5/5
  1852 | D:3      | Noticed Ijyb
  1865 | D:3      | Killed Ijyb
  1866 | D:3      | Gained mutation: You are partially covered in sharp spines.
                  | [demonic ancestry]
  1866 | D:3      | Reached XP level 6. HP: 35/48 MP: 6/6
  2163 | D:3      | Noticed Robin
  2172 | D:3      | Killed Robin
  2654 | D:5      | Entered Level 5 of the Dungeon
  2683 | D:4      | Gained mutation: You regenerate magic rapidly. [demonic
                  | ancestry]
  2683 | D:4      | Reached XP level 7. HP: 55/55 MP: 7/7
  2775 | D:4      | Found an ancient bone altar of Kikubaaqudgha.
  2785 | D:4      | Noticed a human
  2788 | D:4      | Killed a human
  3236 | D:5      | Reached skill level 5 in Axes
  3277 | D:5      | Reached skill level 5 in Fighting
  3317 | D:5      | Found Seizevet's Antique Weapon Boutique.
  3462 | D:5      | Gained mutation: When hurt, damage is shared between your
                  | health and your magic reserves. [demonic ancestry]
  3462 | D:5      | Reached XP level 8. HP: 62/62 MP: 8/8
  3665 | D:5      | Found a runed translucent door.
  3667 | D:5      | Noticed dolemite99's ghost (novice DjTm)
  3684 | D:5      | Found a sacrificial altar of Ru.
  4513 | D:6      | Reached skill level 1 in Throwing
  4513 | D:6      | Reached skill level 5 in Shields
  4641 | D:6      | Reached skill level 5 in Armour
  4733 | D:6      | Found a bloodstained altar of Trog.
  5135 | D:7      | Reached XP level 9. HP: 71/71 MP: 9/9
  5188 | D:7      | Reached skill level 1 in Evocations
  5700 | D:7      | Found a blossoming altar of Fedhas.
  5919 | D:7      | Found a staircase to the Ecumenical Temple.
  5926 | Temple   | Entered the Ecumenical Temple
  5992 | Temple   | Became a worshipper of Warmaster Okawaru
  6366 | D:8      | Found a shimmering altar of Xom.
  6366 | D:8      | Noticed an angel
  6388 | D:8      | Noticed a two-headed ogre
  6397 | D:8      | Noticed Grum
  6410 | D:8      | Killed Grum
  6410 | D:8      | Reached * piety under Okawaru
  6421 | D:8      | Found a sand-covered staircase.
  6425 | Ossuary  | Entered an ossuary
  6645 | Ossuary  | Reached skill level 1 in Stealth
  6645 | Ossuary  | Reached skill level 1 in Invocations
  6929 | D:8      | Killed a two-headed ogre
  6930 | D:8      | Reached XP level 10. HP: 35/80 MP: 4/11
  6984 | D:8      | Reached ** piety under Okawaru
  7248 | D:8      | Noticed Maggie
  7271 | D:8      | Killed Maggie
  7272 | D:8      | Reached skill level 1 in Dodging
  7634 | D:8      | Found a shadowy altar of Dithmenos.
  7888 | D:8      | Found a stormy altar of Qazlal.
  8154 | D:9      | Reached *** piety under Okawaru
  8635 | D:9      | Found a staircase to the Lair.
  9048 | D:9      | Found a basalt altar of Yredelemnul.
  9344 | D:9      | Reached **** piety under Okawaru
  9487 | D:10     | Entered Level 10 of the Dungeon
  9557 | D:9      | Found Zhao Yu's Dragon-Slaying Spoils.
  9906 | Lair:1   | Entered Level 1 of the Lair of Beasts
 10022 | Lair:1   | Reached XP level 11. HP: 76/86 MP: 11/13
 10052 | Lair:1   | Identified the +0 plate armour "Ummoapoys" {Rampage}
 10278 | Lair:1   | Reached skill level 10 in Axes
 10579 | Lair:1   | Reached ***** piety under Okawaru
 11725 | Lair:2   | Noticed a four-headed hydra
 11737 | Lair:2   | Killed a four-headed hydra
 11925 | Lair:2   | Noticed an eight-headed hydra
 12023 | Lair:1   | Killed an eight-headed hydra
 12023 | Lair:1   | Received a gift from Okawaru
 12024 | Lair:1   | Reached skill level 5 in Invocations
 12690 | Lair:2   | Reached skill level 5 in Stealth
 12928 | Lair:2   | Found the ring of the Mage {Wiz Archmagi}
 13497 | Lair:3   | Noticed a death yak
 13498 | Lair:3   | Noticed a death yak
 13505 | Lair:3   | Noticed Amaemon
 13513 | Lair:3   | Noticed a death yak
 13521 | Lair:2   | Killed a death yak
 13522 | Lair:2   | Gained mutation: You are mostly covered in sharp spines.
                  | [demonic ancestry]
 13522 | Lair:2   | Reached XP level 12. HP: 47/96 MP: 9/16
 13522 | Lair:2   | Killed a death yak
 13670 | Lair:2   | Killed a death yak
 13670 | Lair:2   | Received a gift from Okawaru
 13822 | Lair:3   | Identified the +4 plate armour of the Soldier {+Inv Will-
                  | Regen+ Int+4}
 14018 | Lair:3   | Found a staircase to the Swamp.
 14025 | Lair:3   | Reached skill level 10 in Fighting
 14144 | Lair:2   | Killed Amaemon
 14144 | Lair:2   | Reached ****** piety under Okawaru
 14234 | Lair:3   | Found a hole to the Spider Nest.
 14470 | Lair:3   | Reached skill level 10 in Armour
 14915 | Lair:5   | Entered Level 5 of the Lair of Beasts
 14958 | Lair:4   | Found a runed translucent door.
 14963 | Lair:4   | Noticed Saozxam's ghost (journeyman KoHu)
 15178 | Lair:4   | Found a staircase to the Slime Pits.
 15244 | Lair:4   | Gained mutation: When seriously injured, your blood forms
                  | thick armour. (AC +9) [demonic ancestry]
 15244 | Lair:4   | Reached XP level 13. HP: 104/104 MP: 18/18
 15382 | Lair:4   | Identified the +3 battleaxe "Vonatasm" {venom, rElec}
                  | (Okawaru gifted it to you on level 4 of the Lair of Beasts)
 15382 | Lair:4   | Received a gift from Okawaru
 15467 | Lair:4   | Found the +3 pair of seven-league boots {Rampage+∞}
 15713 | Lair:4   | Identified the +7 spear "Grim" {freeze, rC+ SInv}
 15735 | Lair:4   | Killed Saozxam's ghost
 16092 | Lair:5   | Identified the +2 cloak of Dawn {rElec Str-5 Int+6}
                  | (Okawaru gifted it to you on level 5 of the Lair of Beasts)
 16092 | Lair:5   | Received a gift from Okawaru
 16329 | Lair:5   | Reached skill level 1 in Maces & Flails
 16409 | Lair:5   | Gained mutation: You have a pair of horns on your head.
                  | [demonic ancestry]
 16409 | Lair:5   | Reached XP level 14. HP: 91/113 MP: 16/21
 16951 | Lair:5   | Received a gift from Okawaru
 17382 | D:10     | Noticed Fannar
 17388 | D:10     | Killed Fannar
 17417 | D:10     | Identified a scroll of acquirement
 17449 | D:10     | Acquired a manual of Shields
 17519 | D:10     | Found an ornate altar of the Wu Jian Council.
 17617 | D:10     | Found a sparkling altar of Nemelex Xobeh.
 17878 | D:11     | Received a gift from Okawaru
 18133 | D:11     | Reached skill level 10 in Invocations
 18481 | D:12     | Found a large runed translucent door.
 18481 | D:12     | Found a large runed translucent door.
 18483 | D:12     | Noticed Lanwaonk's ghost (journeyman MiBe)
 18545 | D:12     | You fall into a shaft and drop 1 floor!
 18574 | D:12     | Found a staircase to the Orcish Mines.
 18687 | D:12     | Found an opulent altar of Gozag.
 18688 | D:12     | Noticed Nessos
 18693 | D:12     | Killed Nessos
 18693 | D:12     | Received a gift from Okawaru
 19004 | D:12     | Killed Lanwaonk's ghost
 19089 | Orc:1    | Entered Level 1 of the Orcish Mines
 19118 | Orc:1    | Found a frozen archway.
 19132 | IceCv    | Entered an ice cave
 19133 | IceCv    | Found a transporter.
 19148 | IceCv    | Found a transporter.
 19465 | Orc:2    | Entered Level 2 of the Orcish Mines
 19465 | Orc:2    | Found a staircase to the Elven Halls.
 19471 | Orc:2    | Found a gate leading to a gauntlet.
 19492 | Gauntlet | Entered a Gauntlet
 19492 | Gauntlet | Found a transporter.
 19502 | Gauntlet | Found a transporter.
 19504 | Gauntlet | Found a transporter.
 19505 | Gauntlet | Found a transporter.
 19505 | Gauntlet | Found the brooch of Shielding {Spirit SH+8}
 19508 | Gauntlet | Found a transporter.
 19509 | Gauntlet | Found a transporter.
 19522 | Gauntlet | Found a transporter.
 19542 | Gauntlet | Found a transporter.
 19549 | Gauntlet | Found a transporter.
 19553 | Gauntlet | Found a transporter.
 19562 | Gauntlet | Found a transporter.
 19630 | Gauntlet | Found a transporter.
 19736 | Gauntlet | Identified the +2 pair of gloves of the Gloaming {Rampage
                  | Regen+ Int-2 Stlth-}
 19767 | Gauntlet | Received a gift from Okawaru
 19809 | Gauntlet | Identified the +9 rapier of Dominance {flame, rElec Will+}
 19829 | Gauntlet | Identified the +11 trident of Subjectivity {venom, Int+3
                  | Stlth+}
 20380 | Orc:2    | Found Jaguaff's Magic Scroll Emporium.
 20380 | Orc:2    | Found Osigue's Distillery.
 20420 | Orc:2    | Noticed Erolcha
 20429 | Orc:2    | Killed Erolcha
 20611 | Orc:2    | Gained mutation: You have a pair of large horns on your
                  | head. [demonic ancestry]
 20611 | Orc:2    | Reached XP level 15. HP: 115/122 MP: 20/23
 20703 | Orc:2    | Found Iluud's Antique Weapon Emporium.
 20704 | Orc:2    | Found Ybiyk's Antique Armour Shoppe.
 20711 | Orc:2    | Bought a scroll of enchant armour for 97 gold pieces
 20711 | Orc:2    | Bought a scroll of blinking for 97 gold pieces
 20712 | Orc:2    | Bought a potion of heal wounds for 90 gold pieces
 21136 | D:9      | Bought the +3 shadow dragon scales "Leutolax" {Regen+ rCorr
                  | Int+3 Stlth++++} for 1424 gold pieces
 21364 | D:13     | Identified the +4 chain mail "Ehecofeen" {rC+} (Okawaru
                  | gifted it to you on level 13 of the Dungeon)
 21364 | D:13     | Received a gift from Okawaru
 22032 | D:14     | Noticed Lodul
 22037 | D:14     | Killed Lodul
 22178 | D:14     | Reached skill level 5 in Evocations
 22252 | D:14     | Found the +8 orange crystal plate armour {Archmagi, Int+3
                  | Clar}
 22367 | D:14     | Found a gate to the Vaults.
 22510 | D:14     | Found a hide-covered altar of Uskayaw.
 22695 | D:15     | Entered Level 15 of the Dungeon
 22724 | D:15     | Noticed Roxanne
 22738 | D:15     | Killed Roxanne
 22920 | D:15     | Found Zin's Purification Station.
 22925 | D:15     | Noticed Azrael
 22926 | D:15     | Noticed Rupert
 22946 | D:15     | Killed Rupert
 23086 | D:15     | Killed Azrael
 23342 | D:15     | Received a gift from Okawaru
 23343 | D:15     | Reached skill level 10 in Shields
 23396 | D:15     | Found a staircase to the Depths.
 23678 | Swamp:1  | Entered Level 1 of the Swamp
 23786 | Swamp:1  | Identified the +1 hand axe of Okawaru's Regard {antimagic,
                  | Str+5} (Okawaru gifted it to you on level 1 of the Swamp)
 23786 | Swamp:1  | Received a gift from Okawaru
 24449 | Swamp:2  | Gained mutation: You punish those that try to bend your
                  | will. (Will+) [demonic ancestry]
 24449 | Swamp:2  | Reached XP level 16. HP: 128/131 MP: 25/25
 24724 | Swamp:2  | Received a gift from Okawaru
 25300 | Swamp:3  | Noticed Mara
 25327 | Swamp:3  | Noticed jlumianski's illusion
 25341 | Swamp:3  | Killed Mara
 25517 | Swamp:3  | Found a runed translucent door.
 25517 | Swamp:3  | Noticed retardedninja's ghost (journeyman DsGl)
 25677 | Swamp:3  | Killed retardedninja's ghost
 25704 | Swamp:4  | Entered Level 4 of the Swamp
 25740 | Swamp:4  | Identified the +1 pair of boots of Beoqir {Str+8 Int-3
                  | Dex+3} (Okawaru gifted it to you on level 4 of the Swamp)
 25740 | Swamp:4  | Received a gift from Okawaru
 25887 | Swamp:4  | Noticed Donald
 25891 | Swamp:4  | Noticed the 27-headed Lernaean hydra
 26787 | Swamp:4  | Killed the 27-headed Lernaean hydra
 26876 | Swamp:4  | Killed Donald
 27065 | Swamp:4  | Got a decaying rune of Zot
 27320 | Spider:1 | Entered Level 1 of the Spider Nest
 27662 | Spider:1 | Received a gift from Okawaru
 28258 | Spider:2 | Reached skill level 15 in Axes
 28345 | Spider:2 | Reached XP level 17. HP: 115/139 MP: 19/26
 28826 | Spider:2 | Identified the +3 chain mail "Ferrepu" {rC+}
 29298 | Spider:4 | Entered Level 4 of the Spider Nest
 29576 | Spider:3 | Received a gift from Okawaru
 29864 | Arena    | Entered the Arena
 30002 | Spider:4 | Received a gift from Okawaru
 30401 | Spider:4 | Got a gossamer rune of Zot
 30437 | Spider:4 | Received a gift from Okawaru
 30437 | Spider:4 | Found the +9 sword of Zonguldrok {reap}
 30536 | Spider:4 | Reached XP level 18. HP: 148/148 MP: 15/28
 30545 | Spider:4 | Reached skill level 15 in Fighting
 30907 | Spider:4 | Reached skill level 1 in Polearms
 31236 | Vaults:1 | Entered Level 1 of the Vaults
 31364 | Vaults:1 | Found Seuqugh's Magic Scroll Shoppe.
 31367 | Vaults:1 | Bought a scroll of acquirement for 988 gold pieces
 31375 | Vaults:1 | Acquired a +3 broad axe of venom
 31597 | Vaults:1 | Reached skill level 15 in Shields
 31657 | Vaults:1 | Received a gift from Okawaru
 31889 | Vaults:1 | Received a gift from Okawaru
 32504 | Vaults:1 | Identified the +0 scale mail of the Little Devil {rN+}
 32560 | Vaults:1 | Got the Dissertation on Hexing
 32895 | Vaults:1 | HP: 2/149 [ironbound thunderhulk/bolt of lightning (32)]
 33907 | Vaults:2 | Identified the +1 ring mail of the Dwarven Hall {+Inv rElec
                  | rC- Str+8} (Okawaru gifted it to you on level 2 of the
                  | Vaults)
 33907 | Vaults:2 | Received a gift from Okawaru
 33908 | Vaults:2 | Reached skill level 15 in Invocations
 34075 | Vaults:2 | Reached XP level 19. HP: 156/157 MP: 30/30
 34834 | Vaults:3 | Found Yhir's Book Shoppe.
 35100 | Vaults:3 | Identified the +5 arbalest of Dried Tears {drain, Str+3}
 35117 | Vaults:3 | Found a huge runed gate.
 35118 | Vaults:3 | Found a huge runed gate.
 35118 | Vaults:3 | Found a huge runed gate.
 35119 | Vaults:3 | Found a huge runed gate.
 35120 | Vaults:3 | Found a huge runed gate.
 35121 | Vaults:3 | Found a huge runed gate.
 35122 | Vaults:3 | Found a huge runed gate.
 35123 | Vaults:3 | Found a huge runed gate.
 35128 | Vaults:3 | Found a huge runed gate.
 35128 | Vaults:3 | Found a huge runed gate.
 35133 | Vaults:3 | Found a huge runed gate.
 35133 | Vaults:3 | Found a huge runed gate.
 35133 | Vaults:3 | Found a huge runed gate.
 35133 | Vaults:3 | Found a huge runed gate.
 35133 | Vaults:3 | Found a huge runed gate.
 35133 | Vaults:3 | Found a huge runed gate.
 35134 | Vaults:3 | Found a huge runed gate.
 35135 | Vaults:3 | Found a huge runed gate.
 35136 | Vaults:3 | Found a huge runed gate.
 35144 | Vaults:3 | Found a huge runed gate.
 35144 | Vaults:3 | Found a huge runed gate.
 35144 | Vaults:3 | Found a huge runed gate.
 35144 | Vaults:3 | Found a huge runed gate.
 35144 | Vaults:3 | Found a huge runed gate.
 35144 | Vaults:3 | Found a huge runed gate.
 35145 | Vaults:3 | Found a huge runed gate.
 35146 | Vaults:3 | Found a huge runed gate.
 35147 | Vaults:3 | Found a huge runed gate.
 35155 | Vaults:3 | Found a huge runed gate.
 35155 | Vaults:3 | Found a huge runed gate.
 35155 | Vaults:3 | Found a huge runed gate.
 35155 | Vaults:3 | Found a huge runed gate.
 35155 | Vaults:3 | Found a huge runed gate.
 35155 | Vaults:3 | Found a huge runed gate.
 35156 | Vaults:3 | Found a huge runed gate.
 35157 | Vaults:3 | Found a huge runed gate.
 35272 | Vaults:3 | Identified the +9 broad axe "Vixaer" {venom, rF+} (Okawaru
                  | gifted it to you on level 3 of the Vaults)
 35272 | Vaults:3 | Received a gift from Okawaru
 35273 | Vaults:3 | Reached skill level 10 in Evocations
 35464 | Vaults:3 | Found a staircase to the Crypt.
 35464 | Vaults:3 | Found an ancient bone altar of Kikubaaqudgha.
 35465 | Vaults:3 | Found a basalt altar of Yredelemnul.
 35797 | Vaults:3 | Noticed a dread lich
 35800 | Vaults:3 | Paralysed by a dread lich for 4 turns
 35838 | Vaults:3 | Paralysed by something for 4 turns
 35839 | Vaults:3 | HP: 1/159 [blizzard demon/bolt of cold[a dread lich] (18)]
 35839 | Vaults:3 | Slain by an Executioner

Illustrated notes

Levels and vault maps discovered:
D:1:      noname_arrival_rooms_in_the_neighbourhood, layout_basic
D:2:      layout_basic, kennysheep_generic_room_11
D:3:      layout_basic, vehumet_statue, kennysheep_another_room, uniq_robin,
          uniq_ijyb, uniq_grinder
D:4:      layout_gridville, tgw_kikubaaqudgha, serial_demonic, serial_demonic_g,
          serial_demonic_c, serial_demonic_c, serial_demonic_f,
          serial_demonic_b, serial_demonic_d, serial_demonic_a
D:5:      layout_loops_ring, lemuel_crystal_altar, ebering_ghost_sewer_d,
          serial_shops, nicolae_square_shop, reono_crystal_passage, minivault_27
D:6:      layout_layer_cave, trog_three_pillars_becter, minmay_ogre_servants
D:7:      layout_basic, overflow_temple_1_default, minmay_temple_entry_hall,
          nicolae_nh_ransacked_shop
D:8:      layout_layer_cave, grunt_temple_overflow_order_and_chaos_1,
          nicolae_dithmenos_the_darkroom, lemuel_coloured_pillars_altar,
          enter_ossuary_5, uniq_grum, uniq_maggie
D:9:      layout_basic, mainiacjoe_overflow_chevrons, david_lair_generic,
          st_stairs_13, nicolae_shop_dragon_depot
D:10:     layout_rooms, mainiacjoe_overflow_paths, nicolae_wu_jian_wuxing_cycle,
          uniq_fannar
D:11:     layout_rooms
D:12:     layout_big_octagon, david_orc_5, ebering_ghost_disaster_area,
          grunt_gozag_statues, uniq_nessos
D:13:     lemuel_troll_bridge, layout_irregular_city, kennysheep_generic_room_4
D:14:     layout_basic, grunt_vaults_entry_fortified, old_standard_altar,
          uniq_lodul
D:15:     gammafunk_enter_depths_forms, layout_cave_pools, serial_park_tiny_2,
          zin_purify, uniq_roxanne, uniq_rupert, uniq_azrael
Temple:   jpeg_temple_alley_garden
Lair:1:   layout_layer_cave, st_stairs_8, grunt_megastairs_4,
          serial_bayou_shore_a
Lair:2:   layout_regular_city, serial_bayou, serial_bayou_lagoon_a,
          serial_bayou_lake_a, serial_bayou_crossing, serial_bayou_pond_e,
          minmay_holes, chequers_serial_rivers_micro_a
Lair:3:   layout_chaotic_city, skrybe_swamp_entry_bodies,
          nicolae_spider_entry_lesser_pyramids, uniq_amaemon
Lair:4:   layout_roguey, dpeg_slime_entry_corner, ebering_ghost_funeral_grove,
          hellmonk_guarded_unrand_seven_league_boots, lemuel_fruit_fields
Lair:5:   evilmike_catoblepas_cave, layout_loops_ring, serial_bayou_pond_a,
          infiniplex_staircase_pool, lemuel_fruit_tree
Swamp:1:  layout_falls_marsh, evilmike_swamp_ruin_house_2, swamp_pool4
Swamp:2:  layout_falls_marsh, nicolae_swamp_bean_lake, swamp_pool5,
          nicolae_swamp_snake_nest
Swamp:3:  layout_falls_marsh, gammafunk_ghost_grave,
          evilmike_swamp_ruin_house_4, uniq_mara
Swamp:4:  swamp_old_school, layout_basic_swamp, uniq_donald
Spider:1: layout_spider_delve
Spider:2: layout_spider_delve, nicolae_spider_eight_legs,
          hangedman_spider_tarantella_strand
Spider:3: layout_spider_delve
Spider:4: hellmonk_spider_rune_endless_swarm, spiders_nest_ghost_moth_duel
Orc:1:    layout_diamond_mine, portal_ice_cave_rime
Orc:2:    st_orc_mages, layout_diamond_mine, gauntlet_entry_generic,
          uniq_erolcha
Vaults:1: grunt_vaults_diagonal, vaults_room_octagon, vaults_mumra_hexcomb,
          nicolae_vaults_little_squares_6, serial_ice_m,
          nicolae_vaults_network_square, grunt_vaults_funnel, v_alt_pattern_6,
          vaults_room_fours, ontoclasm_vaults_chip, vaults_room_hallway,
          layout_vaults_quadrants, serial_shops, nicolae_shop_behind_doors
Vaults:2: v_alt_pattern_6, v_pattern_1, vaults_room_door_hall,
          vaults_room_stairs_pillars, vaults_room_grid, dpeg_vaults_monster_row,
          vaults_dpeg_ring, v_alt_pattern_2, vaults_mumra_minichess_inversion,
          vaults_room_pools, vaults_mumra_chevron,
          nicolae_vaults_little_squares_3, layout_vaults_chaotic_city
Vaults:3: nicolae_vaults_network_barrier, door_vault, v_misc_19,
          hangedman_vaults_corner_blocks, minmay_crypt_entry_necro_gods,
          v_misc_27, v_misc_2, layout_vaults_ring, serial_shops, shop
Vaults:4: v_pattern_4, ontoclasm_vaults_ligature, v_alt_pattern_6, v_misc_11,
          nicolae_vaults_network_s, hangedman_vaults_maws, vaults_room_pools,
          nicolae_vaults_ring_of_whatevers, v_alt_pattern_1,
          layout_vaults_omnicross, serial_shops, nicolae_shop_behind_doors

Skill      XL: |  1  2  3  4  5  6  7  8  9 10 11 12 13 14 15 16 17 18 19 |
---------------+----------------------------------------------------------+-----
Axes           | 2 3 4 5 7 8 9 10 11 12 13 14 15 16 | 16.9
Armour         | 3 4 5 6 7 8 10 11 12 13 14 | 14.4
Shields        | 3 4 5 6 7 8 10 13 14 15 16 | 16.3
Fighting       | 4 5 6 7 8 9 10 11 12 13 14 15 16 | 16.4
Throwing       | 1 |  1.0
Evocations     | 1 2 4 5 7 8 9 10 | 10.2
Stealth        | 1 3 5 6 7 8 9 |  9.0
Invocations    | 1 3 6 7 9 10 12 13 14 15 | 15.7
Dodging        | 1 |  1.8
Maces & Flails | 1 2 |  2.5
Polearms       | 1 |  1.3
Short Blades   | |  0.9

Action                     |  1- 3 |  4- 6 |  7- 9 | 10-12 | 13-15 | 16-18 | 19-21 || total
---------------------------+-------+-------+-------+-------+-------+-------+-------++-------
  Melee: War axe           |    78 |   104 |   309 |   383 |       |       |       ||   874
         Headbutt          |     5 |    25 |    45 |   117 |   194 |   324 |   100 ||   810
         Whip              |       |       |       |    16 |    10 |    53 |       ||    79
         Broad axe         |       |       |       |   114 |   678 |   925 |   219 ||  1936
         Spear             |       |       |       |       |     5 |    59 |       ||    64
         Rapier            |       |       |       |       |    25 |    12 |       ||    37
  Throw: Boomerang         |       |       |     5 |       |       |       |       ||     5
         Stone             |       |       |     3 |       |       |       |       ||     3
 Invoke: Heroism           |       |       |       |     2 |     1 |     5 |       ||     8
         Finesse           |       |       |       |       |     1 |     1 |       ||     2
         Duel              |       |       |       |       |       |     1 |       ||     1
Ability: Evoke Invisibilit |       |       |       |       |     1 |       |       ||     1
  Evoke: Wand              |       |       |    13 |     9 |     2 |     6 |       ||    30
         Condenser vane    |       |       |       |       |       |     2 |     1 ||     3
         Phial of floods   |       |       |       |       |       |     1 |       ||     1
    Use: Scroll            |     4 |     2 |    11 |    13 |     8 |    10 |     3 ||    51
         Potion            |     1 |       |       |       |       |     5 |       ||     6
   Stab: Distracted        |       |       |       |     1 |    18 |    17 |     2 ||    38
         Petrified         |       |       |       |       |     3 |       |       ||     3
         Invisible         |       |       |       |       |     2 |       |       ||     2
         Sleeping          |       |       |       |       |     2 |     1 |       ||     3
         Confused          |       |       |       |       |       |     5 |       ||     5
         Held in net/web   |       |       |       |       |       |     1 |       ||     1
 Armour: Scale mail        |     7 |       |       |       |       |       |       ||     7
         Plate armour      |    46 |    82 |   162 |   292 |   197 |       |       ||   779
         Crystal plate arm |       |       |       |       |    91 |   435 |   146 ||   672
         Shadow dragon sca |       |       |       |       |    73 |       |       ||    73
         Swamp dragon scal |       |       |       |       |       |   198 |       ||   198
  Dodge: Dodged            |    17 |    25 |    64 |   125 |   124 |   242 |    18 ||   615
  Block: Buckler           |    35 |    73 |   170 |   283 |   238 |       |       ||   799
         Reflection        |     2 |     1 |     4 |     3 |    25 |    15 |    13 ||    63
         Kite shield       |       |       |       |       |    96 |   773 |       ||   869
         Tower shield      |       |       |       |       |       |   193 |   226 ||   419

Table legend: (Time is in decaauts)
 A = Elapsed time spent in this place.
 B = Non-inter-level travel time spent in this place.
 C = Inter-level travel time spent in this place.
 D = Time resting spent in this place.
 E = Time spent auto-exploring this place.
 F = Levels seen in this place.
 G = Mean time per level.
                   A        B        C        D        E       F      G
               +--------+--------+--------+--------+--------+-----+--------+
         Total |  36014 |  33491 |   2523 |   2432 |  19613 |  39 |  923.4 |
       Dungeon |  14642 |  13293 |   1349 |    475 |   8789 |  15 |  976.1 |
        Temple |    100 |    100 |      0 |      0 |      0 |   1 |  100.0 |
          Lair |   7899 |   7341 |    558 |   1099 |   3981 |   5 | 1579.8 |
         Swamp |   3211 |   2976 |    235 |    395 |   1536 |   4 |  802.8 |
   Spider Nest |   3649 |   3535 |    114 |    211 |   2017 |   4 |  912.2 |
  Orcish Mines |   1384 |   1357 |     27 |      0 |    595 |   2 |  692.0 |
        Vaults |   4352 |   4115 |    237 |    184 |   2691 |   4 | 1088.0 |
       Ossuary |    341 |    341 |      0 |     39 |      4 |   1 |  341.0 |
      Ice Cave |     71 |     71 |      0 |      8 |      0 |   1 |   71.0 |
      Gauntlet |    339 |    339 |      0 |      5 |      0 |   1 |  339.0 |
         Arena |     22 |     22 |      0 |     16 |      0 |   1 |   22.0 |
               +--------+--------+--------+--------+--------+-----+--------+

Top non-repeatable levels by time:
  Lair:1: 2360 daAuts
     D:9: 1893 daAuts
     D:8: 1778 daAuts
Vaults:1: 1756 daAuts
  Lair:2: 1756 daAuts
Vaults:2: 1517 daAuts
  Lair:4: 1400 daAuts
  Lair:5: 1200 daAuts
 Swamp:4: 1188 daAuts
  Lair:3: 1182 daAuts
Spider:4: 1139 daAuts
     D:7: 1121 daAuts
     D:6: 1078 daAuts
Spider:2: 1076 daAuts
Vaults:3: 1070 daAuts
